 Dungeon Crawl Stone Soup version 0.22-a0-614-g34fbaa0 (webtiles) character file.

41475 royokou the Severer (level 13, -13/119 HPs)
             Began as a Minotaur Monk on July 18, 2018.
             Was the Champion of Makhleb.
             Killed from afar by a lindwurm (46 damage)
             ... with a blast of flame
             ... on level 6 of the Lair of Beasts.
             The game lasted 01:00:44 (19243 turns).

royokou the Severer (Minotaur Monk)                Turns: 19243, Time: 01:00:45

Health: -13/119    AC: 20    Str: 20    XL:     13   Next: 80%
Magic:  16/16      EV: 24    Int:  7    God:    Makhleb [******]
Gold:   822        SH:  0    Dex: 14    Spells: 12/12 levels left

rFire    . . .     SeeInvis .   L - +2 broad axe (flame)
rCold    . . .     Gourm    .   (no shield)
rNeg     + . .     Faith    .   o - +0 plate armour
rPois    .         Spirit   .   (helmet restricted)
rElec    .         Reflect  .   p - +0 cloak
rCorr    .         Harm     .   Y - +0 pair of gloves
MR       .....                  i - +0 pair of boots
Stlth    ..........             z - amulet of the acrobat
HPRegen  0.29/turn              C - ring of positive energy
MPRegen  0.15/turn              m - +1 ring of slaying

@: no status effects
A: retaliatory headbutt, horns 2
a: Minor Destruction, Lesser Servant of Makhleb, Major Destruction, Greater
Servant of Makhleb, Renounce Religion


You were on level 6 of the Lair of Beasts.
You worshipped Makhleb.
Makhleb was exalted by your worship.
You were hungry.

You visited 3 branches of the dungeon, and saw 18 of its levels.
You also visited: Labyrinth and Ice Cave.

You collected 1004 gold pieces.
You spent 182 gold pieces at shops.

Inventory:

Hand Weapons
 g - a +0 blowgun
 L - a +2 broad axe of flaming (weapon)
 S - a +3 vampiric battleaxe
Missiles
 b - 68 poisoned needles
Armour
 i - a +0 pair of boots (worn)
 o - a +0 plate armour (worn)
 p - a +0 cloak (worn)
 Y - a +0 pair of gloves (worn)
Magical Staves
 a - an uncursed staff of fire
 F - an uncursed staff of power
Jewellery
 m - a +1 ring of slaying (right hand)
 q - an uncursed ring of wizardry
 s - an uncursed ring of see invisible
 t - a +3 ring of intelligence
 z - an amulet of the acrobat (around neck)
 C - a ring of positive energy (left hand)
 K - a +3 ring of evasion
 O - an uncursed ring of ice
Wands
 d - a wand of disintegration (22)
 e - a wand of paralysis (15)
 u - a wand of random effects (22)
 w - a wand of iceblast (3)
 E - a wand of flame (56)
 Q - a wand of acid (6)
 V - a wand of polymorph (11)
Scrolls
 h - 9 scrolls of teleportation
 l - 4 scrolls of remove curse
 n - 7 scrolls of magic mapping
 y - 2 scrolls of immolation
 D - 2 scrolls of enchant armour {unknown}
 H - 2 scrolls of amnesia {unknown}
 N - 5 scrolls of identify
 P - a scroll of torment {unknown}
 R - 2 scrolls of enchant weapon {unknown}
 U - a scroll of vulnerability {unknown}
 W - a scroll of summoning {unknown}
Potions
 f - 10 potions of curing
 j - 3 potions of lignification
 k - a potion of haste {unknown}
 r - 3 potions of magic
 v - 3 potions of brilliance
 x - a potion of might
 A - 5 potions of degeneration
 G - 4 potions of agility
 I - 3 potions of flight
 J - 2 potions of ambrosia
 M - 2 potions of mutation {unknown}
 X - a potion of invisibility {unknown}
 Z - a potion of heal wounds
Miscellaneous
 B - a box of beasts
Comestibles
 c - 24 rations


   Skills:
 + Level 12.8 Fighting
 * Level 19.4 Axes
 + Level 12.4 Armour
 - Level 5.9 Dodging
 - Level 1.5 Stealth
 + Level 6.0 Invocations


You had 12 spell levels left.
You didn't know any spells.
Your spell library contained the following spells:

 Spells                   Type           Power        Failure   Level  Hunger
 Confuse                  Hex            #.......     100%        3    ####...
 Summon Horrible Things   Summ           #.........   100%        8    #######
 Animate Dead             Necr           N/A          100%        4    #####..
 Summon Greater Demon     Summ           #.........   100%        7    #######
 Recall                   Summ/Tloc      N/A          100%        3    ####...
 Death Channel            Necr           #.........   100%        6    #######
 Shadow Creatures         Summ           N/A          100%        6    #######
 Confusing Touch          Hex            #.....       100%        1    ##.....
 Ensorcelled Hibernation  Hex/Ice        #.....       100%        2    ###....
 Metabolic Englaciation   Hex/Ice        #.........   100%        5    ######.
 Silence                  Hex/Air        #.........   100%        5    ######.
 Simulacrum               Ice/Necr       #.........   100%        6    #######
 Monstrous Menagerie      Summ           #.........   100%        7    #######
 Petrify                  Tmut/Erth      #.......     100%        4    #####..
 Malign Gateway           Summ/Tloc      #.........   100%        7    #######
 Darkness                 Hex            #.........   100%        6    #######
 Gell's Gravitas          Tloc           #.........   100%        3    ####...
 Yara's Violent Unravell  Hex/Tmut       #.........   100%        5    ######.
 Borgnjor's Vile Clutch   Necr/Erth      #.........   100%        5    ######.


Dungeon Overview and Level Annotations

Branches:
Dungeon (11/15)            Temple (1/1) D:7            Lair (6/6) D:10
 Shoals (0/4) Lair:3        Snake (0/4) Lair:2        Slime (0/5) Lair:6
    Orc: D:9-12

Altars:
Ashenzari
Cheibriados
Dithmenos
Elyvilon
Fedhas
Gozag
Hepliaklqana
Kikubaaqudgha
Makhleb
Nemelex Xobeh
Okawaru
Qazlal
Ru
Sif Muna
Trog
Uskayaw
Vehumet
Wu Jian
Xom
Yredelemnul
Zin
The Shining One

Shops:
D:4 (   D:5 *

Annotations:
D:9 exclusion: ice statue
Lair:3 2 runed doors, Rexfelis's ghost, journeyman HuAr
Lair:5 exclusion: 2 oklob plants


Innate Abilities, Weirdness & Mutations

You reflexively headbutt those who attack you in melee.
You have a pair of horns on your head.


Message History

A molten gargoyle comes into view. It is wielding a mace.
You barely miss the komodo dragon. You headbutt the komodo dragon!
The komodo dragon is almost dead.
The komodo dragon bites you.
You slash the komodo dragon! You burn the komodo dragon.
You kill the komodo dragon!
Makhleb accepts your kill.
You feel better.
Your Invocations skill increases to level 6!
The lindwurm breathes flames at you. The blast of flame hits you!
* * * LOW HITPOINT WARNING * * *
The basilisk gazes at you.
You easily resist.
The lindwurm breathes flames at you. The blast of flame hits you!
* * * LOW HITPOINT WARNING * * *
The lindwurm breathes flames at you. The blast of flame hits you!
You die...

##†.#....# ##.†††....#
#..#.#..#.## ≈.......§.l
###...<....## ..........
##........## ..........
##........### #.......
####..........## #......
#.#.....#..#...# ....#
###.........#.@.## #..#
##................# #ll#
#..............P..###k##
#......†...........#.#.### ###
##.....#.#..........kl.##.####.##
#..............#.................
#.........?#....#..#.............
#..†....>.......##...†(....†.....
.....#.....#...............#.....


You could see a lindwurm and a basilisk.

Vanquished Creatures
  Rupert (Lair:5)
  Kirke (Lair:4)
  A minotaur (Lab)
  Fannar (Lair:2)
  3 hydras
  2 two-headed ogres
  Erica (D:9)
  The ghost of mattiecakes the Grappler, a novice TrBe of Trog (D:7)
  A fire crab (Lair:6)
  Pikel (D:5)
  Maurice (D:9)
  5 black mambas
  6 elephants (Lair:5)
  11 spiny frogs
  A gargoyle (D:7)
  9 komodo dragons
  4 rime drakes
  3 polar bears
  A troll (D:10)
  A hornet (Lair:4)
  12 hippogriffs
  Prince Ribbit (D:9)
  5 blink frogs (Lair:2)
  6 dream sheep
  A spriggan (Lair:5)
  Sigmund (D:6)
  3 wyverns
  Eustachio (D:6)
  3 hogs (Lair:4)
  14 yaks
  A hungry ghost (D:8)
  Grum (Lair:1)
  Menkaure (D:6)
  4 nagas (Lair:2)
  17 water moccasins
  2 hell hounds (Lair:6)
  6 porcupines
  2 sky beasts
  3 ice beasts
  2 orc warriors (D:8)
  4 black bears
  An eye of draining (D:9)
  7 ogres
  A phantom (D:8)
  4 centaurs
  26 wolves
  8 crocodiles
  2 big kobolds
  Blork the orc (D:6)
  17 bullfrogs
  A wyvern zombie (D:6)
  3 scorpions
  5 killer bees (D:9)
  5 wights (D:8)
  3 electric eels (D:10)
  3 howler monkeys
  A crimson imp (D:8)
  A bullfrog zombie (D:10)
  5 jellies
  5 quasits (D:7)
  2 centaur skeletons
  2 orc priests
  4 hounds
  3 orc wizards (D:8)
  2 bullfrog skeletons
  Crazy Yiuf (D:6)
  Jessica (D:2)
  4 iguanas
  10 worker ants
  2 hound skeletons
  A howler monkey zombie (D:5)
  13 adders
  13 gnolls
  A howler monkey skeleton (D:6)
  2 shadow imps (D:8)
  12 white imps (Lair:6)
  2 oozes (Lair:6)
  2 adder skeletons (D:4)
  An adder zombie (D:10)
  4 worms
  6 dart slugs
  2 leopard geckos
  23 orcs
  2 bat zombies (D:7)
  4 giant cockroaches
  5 goblins
  6 hobgoblins
  14 jackals
  8 quokkas
  4 bats
  A jackal skeleton (D:5)
  A jackal zombie (D:5)
  18 kobolds
  3 rats
  2 rat zombies (D:7)
  3 fungi (Lair:4)
  2 plants
430 creatures vanquished.

Vanquished Creatures (others)
  A slave (D:5)
  3 wolves
  A leopard gecko skeleton (D:5)
  2 fungi (Lair:6)
  4 plants (Lair:5)
11 creatures vanquished.

Grand Total: 441 creatures vanquished

Notes
Turn   | Place    | Note
-------+----------+-------------------------------------------
     0 | D:1      | royokou the Minotaur Monk began the quest for the Orb.
     0 | D:1      | Reached XP level 1. HP: 19/19 MP: 0/0
   276 | D:1      | Reached skill level 4 in Axes
   651 | D:1      | Reached XP level 2. HP: 26/26 MP: 1/1
  1139 | D:1      | Reached skill level 5 in Axes
  1139 | D:1      | Reached XP level 3. HP: 13/31 MP: 2/2
  1484 | D:2      | Reached skill level 6 in Axes
  1484 | D:2      | Reached XP level 4. HP: 21/39 MP: 3/3
  2095 | D:2      | Noticed Jessica
  2100 | D:2      | Killed Jessica
  2193 | D:3      | Reached XP level 5. HP: 38/45 MP: 4/4
  2247 | D:3      | Found a faded altar of an unknown god.
  2289 | D:3      | Reached skill level 7 in Axes
  2529 | D:3      | Found a bloodstained altar of Trog.
  2856 | D:3      | Found a glowing silver altar of Zin.
  2858 | D:3      | Found an iron altar of Okawaru.
  3132 | D:4      | Noticed an ogre
  3889 | D:3      | Killed an ogre
  3889 | D:3      | Reached skill level 8 in Axes
  3889 | D:3      | Reached XP level 6. HP: 7/51 MP: 5/5
  4283 | D:4      | Found Lyloj's Antique Weapon Shoppe.
  4379 | D:4      | Found a snail-covered altar of Cheibriados.
  4618 | D:4      | Reached skill level 9 in Axes
  4808 | D:5      | Entered Level 5 of the Dungeon
  4870 | D:5      | Reached XP level 7. HP: 43/57 MP: 6/6
  5077 | D:5      | Noticed Pikel
  5120 | D:5      | Killed Pikel
  5120 | D:5      | Reached skill level 11 in Axes
  5120 | D:5      | Reached XP level 8. HP: 32/64 MP: 7/7
  5444 | D:5      | Reached skill level 12 in Axes
  5483 | D:5      | Found Muoll's General Store.
  6256 | D:6      | Reached skill level 13 in Axes
  6328 | D:6      | Noticed Sigmund
  6336 | D:6      | Killed Sigmund
  6388 | D:6      | Found an iron altar of Okawaru.
  6414 | D:6      | Noticed Eustachio
  6437 | D:6      | Reached XP level 9. HP: 33/70 MP: 8/8
  6477 | D:6      | Noticed Menkaure
  6748 | D:6      | Reached skill level 14 in Axes
  6842 | D:6      | Killed Eustachio
  7073 | D:6      | Noticed Blork the orc
  7083 | D:6      | Killed Blork the orc
  7258 | D:6      | Killed Menkaure
  7319 | D:6      | Reached skill level 15 in Axes
  7411 | D:6      | Found a runed door.
  7415 | D:6      | Noticed Crazy Yiuf
  7419 | D:6      | Paralysed by Crazy Yiuf for 6 turns
  7426 | D:6      | Killed Crazy Yiuf
  7573 | D:7      | Found a staircase to the Ecumenical Temple.
  7599 | Temple   | Entered the Ecumenical Temple
  7755 | Temple   | Became a worshipper of Makhleb the Destroyer
  7755 | Temple   | Reached * piety under Makhleb
  7755 | Temple   | Reached ** piety under Makhleb
  7797 | D:7      | Found a transporter.
  7801 | D:7      | Noticed mattiecakes's ghost (novice TrBe)
  7815 | D:7      | Found a transporter.
  7970 | D:7      | Reached skill level 1 in Armour
  8216 | D:7      | Found an ancient bone altar of Kikubaaqudgha.
  8223 | D:7      | Noticed a gargoyle
  8648 | D:4      | Bought a runed war axe for 182 gold pieces
  8754 | D:7      | Killed a gargoyle
  9025 | D:8      | Reached skill level 5 in Fighting
  9189 | D:8      | Reached XP level 10. HP: 82/82 MP: 9/9
  9206 | D:8      | Found a shimmering altar of Xom.
  9215 | D:8      | Found a shadowy altar of Dithmenos.
  9216 | D:8      | Found a sacrificial altar of Ru.
  9217 | D:8      | Found a glowing golden altar of the Shining One.
  9220 | D:8      | Found a sparkling altar of Nemelex Xobeh.
  9221 | D:8      | Found a stormy altar of Qazlal.
  9587 | D:8      | Reached *** piety under Makhleb
  9744 | D:8      | Reached skill level 5 in Armour
  9952 | D:9      | Found a white marble altar of Elyvilon.
 10047 | D:9      | Noticed Erica
 10068 | D:9      | Killed Erica
 10294 | D:9      | Noticed a two-headed ogre
 10307 | D:9      | Killed a two-headed ogre
 10478 | D:9      | Noticed Maurice
 10510 | D:9      | Killed Maurice
 10669 | D:9      | Noticed Prince Ribbit
 10675 | D:9      | Killed Prince Ribbit
 10675 | D:9      | Reached skill level 16 in Axes
 10826 | D:9      | Noticed an ice statue
 10841 | D:10     | Entered Level 10 of the Dungeon
 10955 | D:10     | Noticed a two-headed ogre
 11281 | D:10     | Killed a two-headed ogre
 11281 | D:10     | Reached XP level 11. HP: 67/97 MP: 10/10
 12401 | D:10     | Found a staircase to the Lair.
 12932 | D:7      | Killed mattiecakes's ghost
 12938 | D:7      | Reached **** piety under Makhleb
 13049 | Lair:1   | Entered Level 1 of the Lair of Beasts
 13241 | Lair:1   | Found a labyrinth entrance.
 13256 | Lab      | Entered a labyrinth
 13486 | Lab      | Noticed a minotaur
 13495 | Lab      | Killed a minotaur
 13495 | Lab      | Reached skill level 10 in Fighting
 13659 | Lair:1   | Found a stormy altar of Qazlal.
 13768 | Lair:1   | Noticed Grum
 13777 | Lair:1   | Killed Grum
 14341 | Lair:2   | Found a staircase to the Snake Pit.
 14415 | Lair:2   | Noticed Fannar
 14446 | Lair:2   | Killed Fannar
 14446 | Lair:2   | Reached skill level 17 in Axes
 14446 | Lair:2   | Reached skill level 10 in Armour
 14446 | Lair:2   | Reached skill level 5 in Dodging
 14528 | Lair:2   | Reached XP level 12. HP: 78/108 MP: 11/11
 15447 | Lair:3   | Found a large runed door.
 15465 | Lair:3   | Found a large runed door.
 15499 | Lair:3   | Reached ***** piety under Makhleb
 15680 | Lair:3   | Found a staircase to the Shoals.
 16072 | Lair:3   | Noticed Rexfelis's ghost (journeyman HuAr)
 16424 | Lair:4   | Noticed Kirke
 16435 | Lair:4   | Reached skill level 1 in Invocations
 16443 | Lair:4   | Killed Kirke
 16799 | Lair:4   | Reached skill level 18 in Axes
 17267 | Lair:5   | Noticed a six-headed hydra
 17284 | Lair:4   | Killed a three-headed hydra
 17308 | Lair:5   | Noticed a six-headed hydra
 17320 | Lair:5   | Killed a three-headed hydra
 17320 | Lair:5   | Reached XP level 13. HP: 117/117 MP: 14/14
 17401 | Lair:5   | Noticed Rupert
 17428 | Lair:5   | Killed Rupert
 18115 | Lair:6   | Entered Level 6 of the Lair of Beasts
 18235 | Lair:6   | Reached skill level 5 in Invocations
 18388 | Lair:6   | Reached skill level 19 in Axes
 18473 | Lair:6   | Found a frozen archway.
 18491 | IceCv    | Entered an ice cave
 18979 | Lair:6   | Found a staircase to the Slime Pits.
 19159 | Lair:6   | Reached ****** piety under Makhleb
 19243 | Lair:6   | Killed from afar by a lindwurm

Vault maps used:
D:1:      evilmike_arrival_fibonacci_small, serial_corexii_hall,
          corexii_hall_statues_deadend, corexii_hall_statues_l
D:2:      kennysheep_jessica_study
D:3:      chequers_temple_overflow_statue_of_worship, lightli_temple_of_fire,
          chequers_ecumenical_altar_simple_redux, first_ration
D:4:      kennysheep_slug_shrine, serial_shops, shop
D:5:      serial_shops, nicolae_shop_statue_plus, nrook_uturn,
          minmay_misc_feat_four_crosses, uniq_pikel
D:6:      hangedman_decor_push, corexii_checkpoint_a, okawaru_gym_becter,
          uniq_blork_the_orc, uniq_eustachio, uniq_crazy_yiuf_cottage,
          uniq_sigmund, uniq_menkaure
D:7:      lemuel_zombie_altar_kikubaaqudgha, temple_pool_b,
          gammafunk_ghost_stat_death
D:8:      minitemple
D:9:      lemuel_ice_statue, basic_altar, uniq_prince_ribbit1, uniq_erica,
          uniq_maurice
D:10:     erik_lair_island
D:11:     orc_0_dummy, trove_entry_hex_spiral, uniq_erolcha
Temple:   bh_familiar_temple
Lair:1:   basic_altar, lab_entry_generic, uniq_grum
Lair:2:   minmay_snake_entry_guardpost_small, uniq_fannar
Lair:3:   shoals_dummy_entry, ebering_ghost_disaster_area, grunt_megastairs_2
Lair:4:   serial_bayou_shore_b, lemuel_fruit_fields, uniq_kirke
Lair:5:   grunt_forest_stairs_clearing, lemuel_fruit_fields, grunt_megastairs_3,
          minmay_lair_oklob_chamber, uniq_rupert
Lair:6:   cheibrodos_lair_end_hotspot, nicolae_slime_entry_slimehenge,
          portal_ice_cave_entry_imps, minivault_25, minivault_26
Lab:      labyrinth_watery, nicolae_lab_big_swirl, nicolae_lab_checkerboard,
          labyrinth_fake_exit, nicolae_lab_hexagon, labyrinth_skeletal_remains,
          nicolae_lab_x, nicolae_lab_plus
IceCv:    ice_cave_caverns_03

Skill      XL: |  1  2  3  4  5  6  7  8  9 10 11 12 13 |
---------------+----------------------------------------+-----
Axes           | 4 5 6 8 9 11 13 15 16 17 18 19 | 19.4
Armour         | 4 8 10 11 12 | 12.4
Fighting       | 5 9 10 11 12 | 12.8
Dodging        | 5 |  5.9
Invocations    | 3 6 |  6.0
Stealth        | |  1.5

Action                   |  1- 3 |  4- 6 |  7- 9 | 10-12 | 13-15 || total
-------------------------+-------+-------+-------+-------+-------++-------
Melee: Hand axe          |    64 |   114 |   361 |       |       ||   539
       Headbutt          |    10 |    24 |    73 |   117 |    63 ||   287
       War axe           |       |       |    45 |   256 |       ||   301
       Broad axe         |       |       |       |   250 |   285 ||   535
       Battleaxe         |       |       |       |    26 |       ||    26
 Fire: Blowgun           |       |    22 |       |    30 |       ||    52
Invok: Lesser Servant of |       |       |       |     1 |     2 ||     3
  Use: Scroll            |       |     9 |     4 |     6 |       ||    19
       Potion            |       |     4 |     1 |     1 |     2 ||     8
 Stab: Sleeping          |     4 |     2 |       |       |       ||     6
       Distracted        |       |       |       |       |     1 ||     1
  Eat: Chunk             |     2 |     7 |    10 |    20 |     6 ||    45
       Ration            |       |     1 |     1 |     2 |       ||     4
Armor: Robe              |     5 |     8 |       |       |       ||    13
       Leather armour    |       |     4 |       |       |       ||     4
       Plate armour      |       |       |   144 |   266 |   147 ||   557
       Ring mail         |       |       |     1 |       |       ||     1
Dodge: Dodged            |    60 |   109 |   121 |   335 |   166 ||   791

Table legend:
 A = Spawn XP
 B = Non-spawn XP
 C = Spawn XP percentage of total XP
 D = Spawn monster count
 E = Non-spawn monster count
 F = Spawn count percentage of total count
 G = Total turns spent on level
                    A         B        C        D         E        F      G
               +---------+---------+-------+---------+---------+-------+---------
         Total |       0 |   59251 |   0.0 |       0 |     425 |   0.0 | 19243
               +---------+---------+-------+---------+---------+-------+---------
           D:1 |       0 |      42 |   0.0 |       0 |      11 |   0.0 |  1296
           D:2 |       0 |     153 |   0.0 |       0 |      24 |   0.0 |   888
           D:3 |       0 |     230 |   0.0 |       0 |      30 |   0.0 |  2023
           D:4 |       0 |     275 |   0.0 |       0 |      11 |   0.0 |   890
           D:5 |       0 |    1136 |   0.0 |       0 |      20 |   0.0 |  1234
           D:6 |       0 |    2185 |   0.0 |       0 |      33 |   0.0 |  1608
           D:7 |       0 |    1973 |   0.0 |       0 |      24 |   0.0 |   989
           D:8 |       0 |    1564 |   0.0 |       0 |      39 |   0.0 |   949
           D:9 |       0 |    3954 |   0.0 |       0 |      26 |   0.0 |  1239
          D:10 |       0 |    2489 |   0.0 |       0 |      24 |   0.0 |  1752
        Lair:1 |       0 |    3547 |   0.0 |       0 |      18 |   0.0 |   894
        Lair:2 |       0 |    5277 |   0.0 |       0 |      22 |   0.0 |  1127
        Lair:3 |       0 |    2268 |   0.0 |       0 |      14 |   0.0 |   916
        Lair:4 |       0 |    8737 |   0.0 |       0 |      27 |   0.0 |   897
        Lair:5 |       0 |   10587 |   0.0 |       0 |      28 |   0.0 |   859
        Lair:6 |       0 |   11223 |   0.0 |       0 |      57 |   0.0 |   881
           Lab |       0 |    1192 |   0.0 |       0 |       1 |   0.0 |   373
         IceCv |       0 |    2419 |   0.0 |       0 |      16 |   0.0 |   247
               +---------+---------+-------+---------+---------+-------+---------
